AoeStats
← EL MIME

Arabia

507371285Analyzed
4v4 RM · 13d ago on Sep 17, 2026· 43m 3s· 8 players
Game mode
Random Map
Map size
Large (8 player)
Population
200
Speed
Normal
Resources
Standard
Victory
Conquest
Starting age
Dark Age
Ending age
Imperial Age
RankedLock teamsTeams togetherTeam positionsShared explorationLock speedFull tech treeHidden civsTurbo modeCheats
Victory
Defeat
🇪🇸 Persians · Spain
1050
+14
🇦🇷 Franks · Argentina
1042
+14
🇨🇦 Magyars · Canada
988
+17
🇨🇴 Mapuche · Colombia
915
+20
🇲🇽 Burmese · Mexico
1020
-17
🇺🇸 Maya · United States
1000
-48
🇦🇷 Franks · Argentina
998
-16
🇨🇴 Turks · Colombia
991
-16
sbeve Jerkel
0:32 Loom
10:12 Feudal Age
11:25 Double-Bit Axe
12:19 Horse Collar
15:33 Fletching
24:04 Castle Age
24:10 Castle Age
23:04 Scale Mail Armor
24:11 Crossbowman
25:28 Bodkin Arrow
26:21 Gold Mining
29:03 Wheelbarrow
28:54 Bow Saw
28:46 Heavy Plow
32:34 Padded Archer Armor
33:02 Thumb Ring
34:06 Ballistics
34:23 Hand Cart
42:05 Imperial Age
DAPP
8:07 Loom
10:21 Feudal Age
15:31 Wheelbarrow
19:08 Scale Barding Armor
19:13 Forging
22:14 Double-Bit Axe
22:26 Horse Collar
27:02 Castle Age
25:17 Scale Mail Armor
28:11 Padded Archer Armor
28:48 Iron Casting
28:36 Chain Barding Armor
28:46 Bow Saw
28:51 Heavy Plow
32:23 Town Watch
Dearboy
0:34 Loom
10:44 Feudal Age
11:22 Double-Bit Axe
11:29 Gold Mining
14:50 Wheelbarrow
20:09 Castle Age
19:11 Scale Barding Armor
19:18 Forging
21:11 Chain Barding Armor
20:30 Light Cavalry
21:42 Husbandry
23:52 Iron Casting
25:18 Stone Mining
27:28 Hand Cart
28:52 Fletching
29:02 Padded Archer Armor
28:50 Town Watch
37:07 Imperial Age
38:52 Blast Furnace
37:17 Cavalier
39:17 Plate Barding Armor
38:56 Paladin
41:31 Bodkin Arrow
41:52 Leather Archer Armor
42:37 Town Patrol
43:41 Chemistry
43:02 Ballistics
Barbeituss
6:41 Loom
9:54 Feudal Age
EL MIME
7:18 Loom
10:33 Feudal Age
11:38 Double-Bit Axe
14:27 Scale Barding Armor
21:54 Castle Age
20:11 Horse Collar
21:49 Gold Mining
23:09 Bloodlines
25:17 Chain Barding Armor
26:02 Bow Saw
29:38 Husbandry
37:05 Imperial Age
38:50 Cavalier
41:04 Paladin
Elamb
5:26 Loom
10:23 Feudal Age
10:55 Double-Bit Axe
15:03 Scale Barding Armor
22:59 Castle Age
22:09 Forging
22:37 Bloodlines
22:36 Gold Mining
22:33 Horse Collar
24:42 Wheelbarrow
24:18 Husbandry
28:09 Chain Barding Armor
28:33 Town Watch
30:24 Hand Cart
34:35 Iron Casting
37:08 Imperial Age
35:06 Bow Saw
38:06 Plate Barding Armor
36:54 Cavalier
39:10 Gold Shaft Mining
40:15 Blast Furnace
40:42 Heavy Camel Rider
43:03 Masonry
Vimabuma
3:06 Loom
10:20 Feudal Age
11:14 Double-Bit Axe
11:22 Gold Mining
11:16 Horse Collar
20:20 Wheelbarrow
19:45 Fletching
19:42 Champi Runner
21:15 Arson
27:04 Castle Age
25:23 Town Watch
25:56 Forging
25:46 Scale Mail Armor
27:14 Pikeman
28:34 Iron Casting
27:26 Elite Skirmisher
28:31 Bow Saw
31:01 Padded Archer Armor
33:42 Heavy Plow
34:51 Stone Mining
36:12 Bodkin Arrow
42:53 Chain Mail Armor
42:54 Leather Archer Armor
El Decapitador
6:38 Loom
9:35 Feudal Age
11:13 Double-Bit Axe
26:37 Castle Age
25:48 Scale Barding Armor
25:54 Forging
28:37 Chain Barding Armor
28:54 Bow Saw
30:11 Husbandry
32:00 Gold Mining
33:36 Iron Casting
39:46 Wheelbarrow
38:57 Town Watch
41:55 Imperial Age
41:13 Hand Cart
Connection lost

Rejoining the realm…

Still unreachable

The connection could not be restored.

Session expired

The server has moved on; the page needs a fresh start.